 Dungeon Crawl Stone Soup version 0.28.0-43-g3370ac3207 (webtiles) character file.

Game seed: 5337397968282652722

1095 jimonade the Caller (level 8, -4/63 HPs)
             Began as a Purple Draconian Summoner on Mar 12, 2022.
             Was a Follower of Sif Muna.
             Succumbed to a hornet's poison
             ... on level 5 of the Dungeon.
             The game lasted 00:48:03 (7730 turns).

jimonade the Caller (Purple Draconian Summoner)     Turns: 7730, Time: 00:48:06

Health: -4/63      AC: 11    Str: 11    XL:     8   Next: 10%
Magic:  11/17      EV: 12    Int: 18    God:    Sif Muna [*.....]
Gold:   244        SH:  0    Dex: 11    Spells: 13/19 levels left

rFire   . . .      SeeInvis .   b - +0 trident
rCold   . . .      Faith    .   (no shield)
rNeg    . . .      Spirit   .   (armour unavailable)
rPois   .          Reflect  .   (helmet restricted)
rElec   .          Harm     .   y - +1 cloak
rCorr   .          Rampage  .   a - +0 pair of gloves
Will    +....                   B - +1 pair of boots
Stlth   ++........              G - amulet of regeneration
HPRegen 1.00/turn               (no ring)
MPRegen 0.15/turn               (no ring)

@: lethally poisoned (-4 -> -15), slowed, very slow
A: breathe power, AC +6, unfitting armour, cold-blooded
a: Breathe Dispelling Energy, Renounce Religion, Channel Magic


You were on level 5 of the Dungeon.
You worshipped Sif Muna.
Sif Muna was aware of your devotion.
You visited 1 branch of the dungeon, and saw 6 of its levels.

You collected 244 gold pieces.

Inventory:

Hand Weapons
 b - a +0 trident (weapon)
 j - a +0 hand axe
 l - a +0 rapier
 u - a +0 spear
 v - a +0 spear
 E - a +0 scythe
 I - a +3 quarterstaff of chaos
Missiles
 c - 90 stones
 k - 51 arrows
 n - 5 poisoned darts
 s - 6 javelins
 x - 50 bolts
 C - 45 sling bullets
Armour
 a - a +0 pair of gloves (worn)
 y - a +1 cloak (worn)
 B - a +1 pair of boots (worn)
 D - the +9 chain mail of Tolaa {+Inv Dex+3}
   (You found it on level 5 of the Dungeon)

   Dex:       It affects your dexterity (+3).
   +Inv:      It lets you turn invisible.
 J - a +0 cloak
Magical Staves
 g - a staff of cold
Jewellery
 G - an amulet of regeneration (around neck)
Scrolls
 d - 3 scrolls of teleportation
 i - a scroll of fog
 o - a scroll of fear
Potions
 e - 2 potions of lignification {unknown}
 h - 4 potions of heal wounds
 m - 3 potions of curing
 p - 2 potions of cancellation {unknown}
 q - 2 potions of might {unknown}
 z - a potion of flight {unknown}
 A - 2 potions of mutation {unknown}
 H - 2 potions of berserk rage {unknown}


   Skills:
 * Level 3.2 Fighting
 - Level 1.6(2.2) Axes
 - Level 0.2(1.0) Maces & Flails
 * Level 2.0(2.3) Polearms
 * Level 3.2 Dodging
 - Level 1.7 Stealth
 - Level 0.1 Unarmed Combat
 * Level 6.1 Spellcasting
 * Level 7.1 Summonings


You had 13 spell levels left.
You knew the following spells:

 Your Spells              Type           Power      Damage    Failure   Level
a - Summon Small Mammal   Summ           100%       N/A       1%          1
b - Call Imp              Summ           31%        N/A       1%          2
c - Call Canine Familiar  Summ           31%        N/A       1%          3

Your spell library contained the following spells:

 Spells                   Type           Power      Damage    Failure   Level
 Summon Guardian Golem    Hex/Summ       18%        N/A       9%          3
 Summon Lightning Spire   Summ/Air       18%        N/A       26%         4


Dungeon Overview and Level Annotations

Branches:
Dungeon (6/15)
 Temple: D:4-7

Altars:
Sif Muna
Beogh

Shops:
D:3 (


Innate Abilities, Weirdness & Mutations

You can breathe bolts of dispelling energy.
Your rich purple scales are hard. (AC +6)
You cannot fit into any form of body armour.
You are cold-blooded and may be slowed by cold attacks.


Message History

Your hound closely misses the orc warrior.
The orc warrior hits your hound with a +0 falchion!
Your hound bites the orc warrior but does no damage.
The orc warrior misses your hound.
Your hound bites the orc warrior but does no damage.
Your hound bites the orc warrior.
The orc warrior hits your hound with a +0 falchion!
Your hound dies!
Your hound's corpse disappears in a puff of smoke!
The hornet stings you.
You are poisoned.
You suddenly lose the ability to move!
You feel very sick. The hornet stings you!
You feel yourself slow down.
You can move again.
You feel yourself speed up.
You feel sick. The hornet stings you.
You feel yourself slow down.
You feel sick. The hornet stings you!
You are more poisoned.
You feel as though you will be slow longer.
The hornet stings you.
You are more poisoned.
You suddenly lose the ability to move!
You feel very sick.
The hornet stings you but does no damage.
You can move again.
You feel yourself speed up.
You feel very sick. The hornet stings you!
* * * LOW HITPOINT WARNING * * *
You feel yourself slow down.
There is a stone staircase leading up here.
You feel very sick. The hornet stings you!
* * * LOW HITPOINT WARNING * * *
You are more poisoned.
You feel as though you will be slow longer.
The hornet barely misses you. The hornet closely misses you.
You climb upwards.
You die...

.....#...[....#...........#.#
.....#........#.##.#.....##)#
.........#......#..#+###.##.#
.........#...##........#.##.#
.......#.....##........#.##.#
....##.#.....##......).#.##.#
...........#.##..........##.#
.........#...##..y....<...#.#
................@........##.#####
.................................
..........#...........####.######
.[........+...........# #.##.# #
........#.#...........# #....# #
........#+##..........# ####.# #
.######.....#.........# #.###
.######.....#.........# #....
.................####.# #####


You could see a hornet.

Vanquished Creatures
  Sigmund (D:5)
  A scorpion (D:5)
  An iguana (D:6)
  An adder (D:2)
  2 ufetubi
  A worm (D:4)
  3 dart slugs
  An orc (D:5)
  2 ball pythons (D:1)
  3 bats
  3 endoplasms
  2 giant cockroaches
  2 goblins
  5 hobgoblins
  3 quokkas
  A kobold (D:1)
  2 rats (D:1)
34 creatures vanquished.

Vanquished Creatures (collateral kills)
  Prince Ribbit (D:6)
  An ogre (D:4)
  A necrophage (D:4)
  A water moccasin skeleton (D:3)
  An orc priest (D:4)
  Crazy Yiuf (D:5)
  A centaur skeleton (D:5)
  A hound (D:4)
  A gnoll shaman (D:4)
  An iguana (D:5)
  An orc wizard (D:5)
  2 hound skeletons
  4 adders
  6 gnolls
  2 ufetubi (D:5)
  An adder zombie (D:5)
  2 worms
  2 adder skeletons (D:4)
  A dart slug (D:1)
  4 orcs
  A bat (D:1)
  4 endoplasms
  2 giant cockroaches
  4 goblins
  5 hobgoblins
  5 jackals (D:2)
  5 quokkas
  2 ball pythons
  4 frilled lizards
  3 kobolds
  5 rats
  A spectral kobold (D:3)
76 creatures vanquished.

Grand Total: 110 creatures vanquished

Notes
Turn   | Place    | Note
-------+----------+-------------------------------------------
     0 | D:1      | jimonade the Draconian Summoner began the quest for the
                  | Orb.
     0 | D:1      | Reached XP level 1. HP: 14/14 MP: 3/3
   296 | D:1      | Reached XP level 2. HP: 20/20 MP: 5/5
   407 | D:1      | Learned a level 2 spell: Call Imp
  1209 | D:1      | Reached XP level 3. HP: 22/27 MP: 3/6
  2168 | D:2      | Reached skill level 1 in Fighting
  2270 | D:2      | Reached XP level 4. HP: 33/35 MP: 5/7
  2969 | D:3      | Found a faded altar of an unknown god.
  3284 | D:3      | Found Zovedufu's Antique Weapon Emporium.
  3538 | D:3      | Reached skill level 1 in Axes
  3538 | D:3      | Reached skill level 5 in Summonings
  3538 | D:3      | Reached XP level 5. HP: 41/41 MP: 4/9
  3719 | D:3      | Found a shimmering blue altar of Sif Muna.
  3755 | D:3      | Became a worshipper of Sif Muna the Loreminder
  4239 | D:4      | Learned a level 3 spell: Call Canine Familiar
  4316 | D:4      | Reached XP level 6. HP: 45/48 MP: 3/11
  5177 | D:4      | Reached skill level 1 in Polearms
  5177 | D:4      | Reached skill level 6 in Summonings
  5579 | D:4      | Your scales start taking on a rich purple colour.
  5579 | D:4      | Reached XP level 7. HP: 10/56 MP: 10/14
  5992 | D:5      | Entered Level 5 of the Dungeon
  6013 | D:5      | Reached skill level 5 in Spellcasting
  6131 | D:5      | Reached * piety under Sif Muna
  6471 | D:5      | Identified the +9 chain mail of Tolaa {+Inv Dex+3}
  6749 | D:5      | Noticed Sigmund
  6788 | D:5      | Killed Sigmund
  6869 | D:5      | Found a runed translucent door.
  6870 | D:5      | Noticed Crazy Yiuf
  6916 | D:5      | Killed Crazy Yiuf
  7268 | D:6      | Noticed Prince Ribbit
  7501 | D:6      | Killed Prince Ribbit
  7502 | D:6      | Reached skill level 7 in Summonings
  7502 | D:6      | Reached XP level 8. HP: 63/63 MP: 11/17
  7705 | D:6      | Noticed a hornet
  7723 | D:6      | Paralysed by a hornet for 2 turns
  7726 | D:6      | Paralysed by a hornet for 2 turns
  7729 | D:6      | HP: 3/63 [hornet (10)]
  7730 | D:5      | Succumbed to a hornet's poison

Illustrated notes

Levels and vault maps discovered:
D:1:      lemuel_arrival_behind_the_door_large, layout_loops_cross, st_stairs_8
D:2:      layout_basic
D:3:      layout_basic, mainiacjoe_overflow_brackets,
          dreamdust_ecumenical_altar_drowned_temple, serial_shops, shop,
          minmay_strange_pillars
D:4:      layout_basic, kennysheep_orc_chapel
D:5:      layout_basic, kennysheep_doodads, uniq_sigmund,
          uniq_crazy_yiuf_cottage
D:6:      layout_loops_cross, temple_green, nicolae_shop_gadgets,
          uniq_prince_ribbit1

Skill      XL: |  1  2  3  4  5  6  7 |
---------------+----------------------+-----
Dodging        | 2 3 |  3.2
Fighting       | 1 2 3 |  3.2
Axes           | 1 |  1.6
Spellcasting   | 3 4 6 |  6.1
Summonings     | 5 6 7 |  7.1
Polearms       | 1 2 |  2.0
Maces & Flails | |  0.2
Stealth        | |  1.7
Unarmed Combat | |  0.1

Action                   |  1- 3 |  4- 6 |  7- 9 || total
-------------------------+-------+-------+-------++-------
Melee: Whip              |    60 |       |       ||    60
       Tailslap          |     9 |     6 |     5 ||    20
       Unarmed           |     1 |       |       ||     1
       Hand axe          |    25 |    28 |       ||    53
       Spear             |       |    29 |     9 ||    38
       Punch             |       |     1 |       ||     1
       Trident           |       |       |    47 ||    47
 Cast: Summon Small Mamm |     7 |       |       ||     7
       Call Imp          |    27 |    20 |       ||    47
       Call Canine Famil |       |    20 |    26 ||    46
 Abil: Breathe Dispellin |       |       |     2 ||     2
  Use: Scroll            |       |       |    12 ||    12
 Stab: Sleeping          |     2 |       |       ||     2
       Distracted        |       |     2 |       ||     2
Armor: Skin              |    35 |    16 |    15 ||    66
Dodge: Dodged            |    69 |    37 |    29 ||   135
